 Dungeon Crawl Stone Soup version 0.29.1-13-g9f3cf754e1 (webtiles) character file.

Game seed: 3344498603869291675

86 nightchill the Grave Robber (level 4, -10/24 HPs)
             Began as a Tengu Necromancer on Feb 8, 2023.
             Killed from afar by Ijyb (16 damage)
             ... with a bolt of light
             ... on level 3 of the Dungeon.
             The game lasted 00:06:24 (3576 turns).

nightchill the Grave Robber (Tengu Necromancer)     Turns: 3576, Time: 00:06:25

Health: -10/24     AC:  2    Str:  8    XL:     4   Next: 50%
Magic:  0/9        EV: 12    Int: 18    God:
Gold:   119        SH:  0    Dex: 14    Spells: 0/8 levels left

rFire   . . .      SeeInvis .   c - +0 short sword
rCold   . . .      Faith    .   (no shield)
rNeg    . . .      Spirit   .   a - +0 robe
rPois   .          Reflect  .   (helmet restricted)
rElec   .          Harm     .   (no cloak)
rCorr   .          Rampage  .   (no gloves)
Will    .....                   (boots unavailable)
Stlth   ++........              (no amulet)
HPRegen 0.08/turn               (no ring)
MPRegen 0.11/turn               (no ring)

@: very slightly contaminated
A: beak, talons 3
a: no special abilities


You were on level 3 of the Dungeon.
You visited 1 branch of the dungeon, and saw 3 of its levels.

You collected 119 gold pieces.

Inventory:

Hand Weapons
 c - a +0 short sword (weapon)
 q - a +0 rapier
Missiles
 g - 2 atropa-tipped darts
 h - 5 poisoned darts
Armour
 a - a +0 robe (worn)
Magical Staves
 l - a staff of poison
Jewellery
 p - a ring of resist corrosion
Scrolls
 e - 2 scrolls of poison {unknown}
 j - 2 scrolls of blinking {unknown}
 k - a scroll of teleportation {unknown}
 m - a scroll of amnesia {unknown}
 o - a scroll of butterflies {unknown}
Potions
 b - a potion of magic
 d - 3 potions of haste {unknown}
 f - 2 potions of curing {unknown}
 i - a potion of might {unknown}
 n - a potion of cancellation {unknown}


   Skills:
 - Level 2.1 Dodging
 + Level 2.9 Stealth
 + Level 2.6 Spellcasting
 * Level 5.5 Necromancy


You couldn't memorise any spells.
You knew the following spells:

 Your Spells              Type           Power      Damage    Failure   Level
a - Necrotise             Necr           88%        1d8       1%          1
b - Vampiric Draining     Necr           22%        2d7       5%          3
c - Animate Dead          Necr           22%        N/A       17%         4

Your spell library contained the following spells:

 Spells                   Type           Power      Damage    Failure   Level
 Magic Dart               Conj           8%         1d3       17%         1
 Searing Ray              Conj           4%         2d4       26%         2
 Agony                    Necr           22%        N/A       43%         5
 Fulminant Prism          Conj/Hex       1%         3d6       86%         4


Dungeon Overview and Level Annotations

Branches:
Dungeon (3/15)

Altars:

Shops:
D:2 (

Annotations:
D:3 Ijyb


Innate Abilities, Weirdness & Mutations

You have a beak for a mouth.
You have claws for feet.


Message History

There is a stone staircase leading up here.
You aren't carrying any items that you can evoke.
Casting: Necrotise (safe; 1% risk of failure)
Confirm with . or Enter, or press ? or * to list all spells.
You can't see any susceptible monsters within range! (Use Z to cast anyway.)
You hit Ijyb but do no damage. Ijyb hits you with a +0 club.
You hit Ijyb but do no damage. You claw Ijyb.
Ijyb is lightly wounded.
Ijyb hits you but does no damage.
Casting: Necrotise (safe; 1% risk of failure)
Confirm with . or Enter, or press ? or * to list all spells.
The spell is quite dangerous to miscast (5% risk of failure)!
Continue anyway?
Aiming: Vampiric Draining (quite dangerous; 5% risk of failure)
Press: ? - help, Shift-Dir - straight line, f - Ijyb
Aim: Ijyb, wielding a +0 club, wearing a +0 leather armour and carrying a wand of light (9) (lightly wounded)
You draw life force from Ijyb!
You feel life coursing into your body. Ijyb completely misses you.
Casting: Vampiric Draining (quite dangerous; 5% risk of failure)
Confirm with . or Enter, or press ? or * to list all spells.
The spell is quite dangerous to miscast (5% risk of failure)!
Continue anyway?
Aiming: Vampiric Draining (quite dangerous; 5% risk of failure)
Press: ? - help, Shift-Dir - straight line, f/p - Ijyb
Aim: Ijyb, wielding a +0 club, wearing a +0 leather armour and carrying a wand of light (9) (heavily wounded)
You draw life force from Ijyb.
Ijyb hits you with a +0 club.
You hit Ijyb. You claw Ijyb, but do no damage. Your peck misses Ijyb.
Ijyb is almost dead.
Ijyb zaps a wand.
The bolt of light hits you!
Ouch! That really hurt!
* * * LOW HITPOINT WARNING * * *
Casting: Vampiric Draining (quite dangerous; 5% risk of failure)
Confirm with . or Enter, or press ? or * to list all spells.
The spell is quite dangerous to miscast (5% risk of failure)!
Continue anyway?
Aiming: Vampiric Draining (quite dangerous; 5% risk of failure)
Press: ? - help, Shift-Dir - straight line, f/p - Ijyb
Aim: Ijyb, wielding a +0 club, wearing a +0 leather armour and carrying a wand of light (8) (almost dead)
You miscast Vampiric Draining.
You are very lightly contaminated with residual magic.
Nothing appears to happen.
Ijyb zaps a wand.
The bolt of light hits you!
Ouch! That really hurt!
You die...

###....
.........
.........
.........
#........
+........
##.......#
#.#<.....###
#...@g.....#
#........#.#
#..#######
##. .. ###


You could see Ijyb.

Vanquished Creatures
  4 adders (D:2)
  2 worms (D:2)
  A dart slug (D:1)
  4 bats
  4 endoplasms
  A giant cockroach (D:1)
  3 hobgoblins
  6 jackals (D:2)
  A quokka (D:2)
  A ball python (D:1)
  2 frilled lizards (D:1)
  4 goblins
  2 kobolds (D:1)
  2 rats (D:1)
37 creatures vanquished.

Vanquished Creatures (collateral kills)
  2 ball pythons
  A hobgoblin (D:2)
  A frilled lizard (D:1)
  A goblin (D:2)
5 creatures vanquished.

Grand Total: 42 creatures vanquished

Notes
Turn   | Place    | Note
-------+----------+-------------------------------------------
     0 | D:1      | nightchill the Tengu Necromancer began the quest for the
                  | Orb.
     0 | D:1      | Reached XP level 1. HP: 10/10 MP: 4/4
   143 | D:1      | Reached XP level 2. HP: 15/15 MP: 4/6
   167 | D:1      | Found a faded altar of an unknown god.
  1664 | D:2      | Reached skill level 5 in Necromancy
  1664 | D:2      | Reached XP level 3. HP: 19/19 MP: 3/7
  1705 | D:2      | Learned a level 3 spell: Vampiric Draining
  2083 | D:2      | Found Kul Ytze's Weapon Shop.
  2542 | D:2      | Reached XP level 4. HP: 24/24 MP: 8/8
  2550 | D:2      | Learned a level 4 spell: Animate Dead
  3519 | D:3      | Noticed Ijyb
  3576 | D:3      | Killed from afar by Ijyb

Illustrated notes

Levels and vault maps discovered:
D:1:      enne_arrival_octagon_isle, layout_loops_corners,
          hellmonk_ecumenical_altar_crossroads
D:2:      layout_loops_ring, serial_shops, nicolae_shop_bloodbath_and_beyond,
          minmay_misc_feat_more_columns, minmay_strange_pillars,
          minmay_quantized
D:3:      layout_basic, minmay_fractal_squares_diagonal_5, uniq_ijyb

Skill      XL: |  1  2 |
---------------+-------+-----
Necromancy     | 5 |  5.5
Dodging        | |  2.1
Stealth        | |  2.9
Spellcasting   | |  2.6

Action                   |  1- 3 |  4- 6 || total
-------------------------+-------+-------++-------
Melee: Short sword       |    58 |    31 ||    89
       Kick              |    11 |    12 ||    23
       Punch             |     2 |       ||     2
       Peck              |     4 |     3 ||     7
 Cast: Necrotise         |    16 |     6 ||    22
       Vampiric Draining |     4 |     3 ||     7
       Animate Dead      |       |     2 ||     2
 Stab: Sleeping          |     5 |     1 ||     6
Armor: Robe              |    10 |    12 ||    22
Dodge: Dodged            |    48 |    21 ||    69
